Map: Royal Blood LE

Players

NightPhoenix

  • Race: Protoss Protoss
  • Spawn Location: 7:00

MaNa - Winner!

  • Race: Protoss Protoss
  • Spawn Location: 1:00

Event: ESL SC2 Masters 2023 Summer (Finals)

VOD

Have the link to the VOD?

Description

Time

  • Played on: June 16, 2023, 4:46 a.m.
  • Length: 7:38

All games in this series

Show
View Real Time Build Order
Export as new Build Order

NightPhoenix Protoss 

Build Orders: Oracle Opening 

Get SALT Encoding   

  12  0:00  Probe  
  13  0:12  Probe  
  14  0:17  Pylon  
  14  0:24  Probe (Chrono Boost)  
  15  0:36  Probe (Chrono Boost), Gateway  
  16  0:44  Probe (Chrono Boost)  
  16  0:46  Assimilator  
  17  0:51  Probe  
  17  0:54  Assimilator  
  18  1:03  Probe (Chrono Boost)  
  19  1:08  Gateway  
  19  1:12  Probe (Chrono Boost)  
  19  1:17  Probe (Chrono Boost)  
  20  1:24  Cybernetics Core  
  21  1:29  Probe  
  22  1:35  Pylon  
  22  1:41  Probe  
  23  1:53  Probe  
  24  2:02  Stalker x2  
  24  2:04  Warp Gate  
  24  2:07  Probe  
  29  2:17  Pylon  
  29  2:25  Stargate  
  29  2:33  Adept  
  29  2:35  Adept  
  32  3:00  Nexus  
  32  3:06  Oracle (Chrono Boost)  
  32  3:12  Probe  
  36  3:23  Pylon  
  36  3:24  Probe  
  37  3:36  Probe  
  38  3:43  Oracle  
  38  3:48  Probe  
  42  3:51  Twilight Council  
  42  4:00  Probe  
  43  4:12  Probe (Chrono Boost)  
  43  4:15  Probe (Chrono Boost), Stalker x2  
  49  4:24  Probe (Chrono Boost)  
  49  4:26  Blink (Chrono Boost)  
  49  4:27  Probe (Chrono Boost)  
  51  4:33  Probe (Chrono Boost)  
  51  4:34  Probe (Chrono Boost)  
  53  4:38  Probe  
  53  4:41  Probe  
  55  4:50  Probe  
  56  4:53  Probe  
  57  5:01  Assimilator  
  57  5:03  Probe, Pylon x2  
  57  5:05  Probe  
  57  5:15  Probe  
  57  5:18  Probe  
  57  5:19  Stalker  
  59  5:25  Gateway  
  59  5:26  Gateway  
  59  5:27  Probe, Gateway  
  60  5:29  Stalker  
  60  5:30  Probe  
  60  5:32  Assimilator  
  63  5:35  Pylon  
  63  5:39  Probe, Gateway  
  64  5:43  Stalker  
  66  5:52  Stalker  
  55  6:07  Stalker  
  51  6:15  Stalker  
  51  6:17  Probe  
  53  6:20  Stalker  
  53  6:23  Stalker x2  
  53  6:25  Probe  
  55  6:29  Probe  
  55  6:30  Stalker  
  47  6:43  Stalker x2  
  45  6:50  Stalker  
  43  6:56  Stalker  
  43  6:59  Stalker  
  47  7:05  Stalker  
  46  7:10  Stalker  
  46  7:16  Stalker  
  46  7:21  Stalker  
  46  7:27  Stalker  
Show
View Real Time Build Order
Export as new Build Order

MaNa Protoss - Winner!

Build Orders: Phoenix Opening, Blink Stalkers 

Get SALT Encoding   

  12  0:00  Probe  
  13  0:12  Probe  
  14  0:18  Pylon  
  14  0:24  Probe (Chrono Boost)  
  15  0:36  Probe (Chrono Boost)  
  15  0:38  Gateway  
  16  0:45  Probe (Chrono Boost)  
  16  0:46  Assimilator  
  17  0:51  Probe  
  18  1:03  Probe (Chrono Boost)  
  19  1:04  Assimilator  
  19  1:09  Gateway  
  20  1:12  Probe (Chrono Boost)  
  20  1:17  Probe (Chrono Boost)  
  21  1:26  Cybernetics Core  
  21  1:29  Probe  
  22  1:38  Pylon  
  22  1:41  Probe  
  23  1:56  Probe  
  23  2:00  Warp Gate (Chrono Boost)  
  24  2:02  Stalker x2  
  24  2:08  Probe  
  29  2:15  Pylon  
  29  2:19  Shield Battery  
  29  2:34  Pylon  
  29  2:36  Sentry  
  31  2:40  Sentry  
  31  2:41  Probe  
  34  2:52  Nexus  
  34  2:57  Shield Battery  
  34  2:59  Probe  
  34  3:02  Sentry  
  37  3:09  Pylon  
  37  3:12  Probe  
  38  3:14  Phoenix  
  38  3:22  Twilight Council  
  38  3:25  Probe  
  39  3:31  Shield Battery  
  39  3:45  Shield Battery  
  39  3:46  Stalker x2  
  39  3:48  Probe  
  44  3:50  Blink (Chrono Boost)  
  44  4:00  Probe  
  44  4:02  Shield Battery  
  45  4:12  Probe  
  45  4:13  Probe, Stalker  
  49  4:24  Probe (Chrono Boost)  
  49  4:26  Probe (Chrono Boost), Stalker  
  53  4:36  Probe (Chrono Boost)  
  53  4:37  Probe (Chrono Boost)  
  55  4:38  Stalker  
  55  4:41  Probe (Chrono Boost)  
  55  4:42  Probe (Chrono Boost)  
  55  4:43  Shield Battery  
  59  4:49  Stalker  
  59  4:51  Pylon  
  61  4:52  Pylon  
  61  4:55  Shield Battery  
  61  4:59  Probe x2  
  62  5:05  Pylon  
  62  5:07  Pylon  
  62  5:08  Pylon  
  61  5:18  Stalker  
  62  5:23  Stalker  
  62  5:27  Gateway  
  62  5:28  Probe x2  
  65  5:31  Gateway  
  65  5:40  Probe x2  
  65  5:42  Stalker  
  69  5:46  Stalker  
  71  5:52  Pylon  
  71  5:53  Probe x2  
  64  6:06  Stalker  
  64  6:10  Stalker  
  64  6:13  Probe  
  64  6:15  Probe  
  67  6:25  Probe  
  67  6:28  Stalker x2  
  67  6:29  Stalker  
  67  6:30  Probe  
  60  6:44  Probe  
  60  6:46  Robotics Facility  
  59  6:56  Nexus, Stalker x3  
  59  7:01  Probe  
  59  7:04  Probe  
  56  7:13  Probe  
  55  7:20  Stalker x2  
  59  7:25  Assimilator  
Tags
 
Add a new tag
Caveats
  • Supply blocks, unpowered buildings, or Contaminate may cause inaccurate times.
  • Supply counts are checked every 10 seconds.